 Dungeon Crawl Stone Soup version 0.30.0-5-g1a98f26d00 (webtiles) character file.

Game seed: 2111158506819695387

590 hawla the Firebug (level 7, -4/52 HPs)
             Began as a Meteoran Fire Elementalist on May 12, 2023.
             Slain by TheFallenCrow's ghost (8 damage)
             ... on level 4 of the Dungeon.
             The game lasted 00:09:31 (1374 turns).

hawla the Firebug (Meteoran Fire Elementalist)      Turns: 1374, Time: 00:09:32

Health: -4/52      AC:  3    Str:  9 (11) XL:     7   Next: 99%
Magic:  2/15       EV: 13    Int: 16 (18) God:
Gold:   132        SH:  0    Dex: 12 (14) Spells: 9/16 levels left

rFire   . . .        k - +0 dagger (venom)
rCold   . . .        (no shield)
rNeg    . . .        l - +1 robe
rPois   .            (no helmet)
rElec   .            (no cloak)
rCorr   .            (no gloves)
SInv    .            (no boots)
Will    .....        (no amulet)
Stlth   +            (no ring)
HPRegen 0.28/turn    (no ring)
MPRegen 0.14/turn

%: no passive effects
@: mighty, hasted and slowed, glowing, invisible (but backlit and visible)
A: sense surroundings 1, otherworldly, glowing, explore regen
a: no special abilities


You were on level 4 of the Dungeon.
You visited 2 branches of the dungeon, and saw 5 of its levels.

You collected 132 gold pieces.

Inventory:

Hand Weapons
 k - a +0 dagger of venom (weapon)
Armour
 l - a +1 robe (worn)
Scrolls
 b - a scroll of noise {unknown}
 c - a scroll of butterflies {unknown}
 f - 2 scrolls of identify {unknown}
 g - a scroll of acquirement {unknown}
Potions
 d - a potion of flight
 i - 2 potions of might


   Skills:
 + Level 1.4 Fighting
 + Level 0.2 Short Blades
 + Level 3.9 Dodging
 - Level 1.4 Stealth
 + Level 5.0 Spellcasting
 + Level 5.6 Conjurations
 + Level 5.8 Fire Magic


You had 9 spell levels left.
You knew the following spells:

 Your Spells              Type           Power      Damage    Failure   Level
a - Foxfire               Conj/Fire      88%        2x1d8     1%          1
b - Scorch                Fire           44%        2d7       1%          2
c - Flame Wave            Conj/Fire      22%        2d8       14%         4

Your spell library contained the following spells:

 Spells                   Type           Power      Damage    Failure   Level
 Magic Dart               Conj           84%        1d7       1%          1
 Inner Flame              Hex/Fire       13%        N/A       14%         3
 Volatile Blastmotes      Fire/Tloc      26%        2d12      14%         3
 Call Imp                 Summ           8%         N/A       22%         2
 Mephitic Cloud           Conj/Pois/Air  9%         N/A       22%         3


Dungeon Overview and Level Annotations

Branches:
Dungeon (4/15) Zot: 1186   Temple (1/1) D:4 Zot: 433

Altars:
Cheibriados
Elyvilon
Hepliaklqana
Kikubaaqudgha
Makhleb
Trog
Uskayaw
Yredelemnul
Zin
The Shining One

Annotations:
D:4 1 transporter, TheFallenCrow's ghost, amateur DsWn


Innate Abilities, Weirdness & Mutations

You passively map a small area around you.
You are easily found by Zot.
You glow in the dark.
You regain HP and MP as you explore.


Message History

TheFallenCrow's ghost hits you. The water moccasin skeleton bites you.
A wave of flame ripples out!
The flame wave engulfs TheFallenCrow's ghost.
TheFallenCrow's ghost resists.
TheFallenCrow's ghost is moderately damaged.
The flame wave engulfs the water moccasin skeleton.
The water moccasin skeleton is almost destroyed.
TheFallenCrow's ghost hits you. The water moccasin skeleton bites you.
TheFallenCrow's ghost hits you. The water moccasin skeleton bites you.
* * * LOW HITPOINT WARNING * * *
A wave of flame ripples out!
The flame wave engulfs TheFallenCrow's ghost.
TheFallenCrow's ghost resists.
TheFallenCrow's ghost is heavily damaged.
The flame wave engulfs the water moccasin skeleton!
You destroy the water moccasin skeleton!
You finish channelling waves of flame.
TheFallenCrow's ghost hits you.
* * * LOW HITPOINT WARNING * * *
Your Spellcasting skill increases to level 5!
It was a potion of degeneration.
There was something very wrong with that liquid.
You feel weakened.
You feel dopey.
You feel clumsy. TheFallenCrow's ghost hits you!
* * * LOW HITPOINT WARNING * * *
TheFallenCrow's ghost points at you and mumbles some strange words.
You feel as though you will be slow longer.
It was a potion of invisibility.
You become transparent, but the glow from your body prevents you from becoming completely invisible.
TheFallenCrow's ghost gestures at you while chanting.
You feel as though you will be slow longer.
It was a potion of might.
You feel very mighty all of a sudden. TheFallenCrow's ghost hits you.
* * * LOW HITPOINT WARNING * * *
TheFallenCrow's ghost screams, "You will join me soon!"
TheFallenCrow's ghost gestures at you while chanting.
You resist with some effort.
It was a potion of haste.
You feel yourself speed up. TheFallenCrow's ghost hits you!
You die...

.#....#..................#.......
####..#..)......©........#...##..
#####..#############..#...##..
#..#©..........#......#...
#..#...........#......#...
#..#..##...##..#..)...#...
#..#..#8...8#..#......##..
#..#..##W..##..#..######..
#..#.....@.....#..........
#..#..##...##..#..........
#..#..#8...8#..#.)........
#..#..##...##..#..##'###..
#..#...........#......#### ######
#..#.Z..$$$....#.......... #....#
#..#############.......... #....#
#.......(©................ #....#
#...........(.............


You could see TheFallenCrow's ghost.

Vanquished Creatures
  An ogre (D:4)
  Blork the orc (D:4)
  A scorpion (D:4)
  A water moccasin skeleton (D:4)
  A hound (D:4)
  A centaur skeleton (D:4)
  A bullfrog skeleton (D:4)
  A sleepcap (D:4)
  5 orc wizards
  2 adders
  A worm (D:2)
  A dart slug (D:1)
  13 orcs
  3 bats
  6 endoplasms
  2 giant cockroaches (D:4)
  5 goblins
  4 hobgoblins
  A quokka (D:4)
  4 ball pythons (D:1)
  5 kobolds
  5 rats
65 creatures vanquished.

Vanquished Creatures (others)
  152 foxfires
152 creatures vanquished.

Grand Total: 217 creatures vanquished

Notes
Turn   | Place    | Note
-------+----------+-------------------------------------------
     0 | D:1      | hawla the Meteoran Fire Elementalist began the quest for
                  | the Orb.
     0 | D:1      | Reached XP level 1. HP: 14/14 MP: 5/5
    22 | D:1      | Reached XP level 2. HP: 20/20 MP: 0/6
    31 | D:1      | Learned a level 2 spell: Scorch
    81 | D:1      | Reached XP level 3. HP: 26/26 MP: 4/8
   371 | D:3      | Reached XP level 4. HP: 31/33 MP: 4/9
   388 | D:2      | Learned a level 4 spell: Flame Wave
   464 | D:3      | Reached XP level 5. HP: 26/38 MP: 6/11
   480 | D:3      | Found a hazy altar of Hepliaklqana.
   612 | D:4      | Found a transporter.
   612 | D:4      | Noticed TheFallenCrow's ghost (amateur DsWn)
   619 | D:4      | Found a transporter.
   690 | D:4      | Noticed an ogre
   695 | D:4      | Killed an ogre
   696 | D:4      | Reached XP level 6. HP: 46/46 MP: 6/12
   716 | D:4      | Found a staircase to the Ecumenical Temple.
   721 | Temple   | Entered the Ecumenical Temple
   926 | D:4      | Reached skill level 5 in Fire Magic
   951 | D:4      | Reached skill level 5 in Conjurations
  1180 | D:4      | Noticed Blork the orc
  1182 | D:4      | Reached skill level 1 in Fighting
  1182 | D:4      | Reached XP level 7. HP: 52/52 MP: 8/14
  1185 | D:4      | Killed Blork the orc
  1371 | D:4      | Reached skill level 5 in Spellcasting
  1374 | D:4      | Slain by TheFallenCrow's ghost

Illustrated notes

Levels and vault maps discovered:
D:1:      lemuel_arrival_behind_the_door_small, layout_basic,
          minmay_heptomino_w4
D:2:      layout_basic, basic_altar
D:3:      layout_loops_ring, nicolae_overflow_crystal_walls,
          mainiacjoe_overflow_paths, supply_closet_lemuel, uniq_jessica
D:4:      layout_gridville, temple_doors_cd, gammafunk_ghost_mausoleum,
          uniq_blork_the_orc
Temple:   hellmonk_temple_beads

Skill      XL: |  1  2  3  4  5  6  7 |
---------------+----------------------+-----
Fire Magic     | 4 5 |  5.8
Spellcasting   | 3 4 5 |  5.0
Conjurations   | 2 3 4 5 |  5.6
Dodging        | 3 |  3.9
Fighting       | 1 |  1.4
Short Blades   | |  0.2
Stealth        | |  1.4

Action                     |  1- 3 |  4- 6 |  7- 9 || total
---------------------------+-------+-------+-------++-------
  Melee: Unarmed           |     5 |    31 |       ||    36
         Dagger            |       |     4 |       ||     4
   Cast: Foxfire           |    41 |    45 |     2 ||    88
         Scorch            |     4 |    12 |     6 ||    22
         Flame Wave        |       |       |     3 ||     3
    Use: Potion            |     2 |     1 |     4 ||     7
         Scroll            |     1 |     1 |       ||     2
 Armour: Robe              |     2 |     6 |     6 ||    14
         Skin              |       |    83 |       ||    83
  Dodge: Dodged            |    23 |    31 |    13 ||    67
